2456 views
Uploaded 2024-09-12 17:06:14
Game version 1.36 (6115)
18:55 long 3on3 ladder game on (8)Battleground_LV
Saved by GIGA
2456 views
Uploaded 2024-09-12 17:06:14
Game version 1.36 (6115)
18:55 long 3on3 ladder game on (8)Battleground_LV


85 units @ 7.6k
/ 0.8k
113 buildings @ 8.7k
/ 4.2k
GIGA
(207)
(18:54) : 
x1)
| Healing Salve | 2 | 200 |
| Lesser Clarity Potion | 1 | 70 |
| Orb of Lightning | 1 | 375 |
| Boots of Speed | 1 | 250 |
| Circlet of Nobility | 1 | 175 |
| Staff of Teleportation | 1 | 150 |
| Tome of Retraining | 1 | 300 |
| total: | 8 | 1520g |
| Peon | 18 | 1350 | / | 0 |
| Troll Witch Doctor | 5 | 725 | / | 125 |
| total: | 23 | 2075g | / | 125w |
| Watch Tower | 8 | 880 | / | 640 |
| Altar of Storms | 1 | 180 | / | 50 |
| Orc Burrow | 3 | 480 | / | 120 |
| Voodoo Lounge | 1 | 130 | / | 30 |
| War Mill | 1 | 205 | / | 0 |
| Great Hall | 1 | 385 | / | 185 |
| Spirit Lodge | 1 | 150 | / | 150 |
| Stronghold | 1 | 315 | / | 190 |
| Fortress | 1 | 325 | / | 190 |
| total: | 16 | 2410g | / | 1175w |
| 0:03 | Peon |
| 0:03 | Peon |
| 0:07 | Altar of Storms |
| 0:10 | Orc Burrow |
| 0:22 | Peon |
| 0:28 | Voodoo Lounge |
| 0:35 | Peon |
| 0:52 | Peon |
| 0:52 | Peon |
| 1:04 | Peon |
| 1:19 | Orc Burrow |
| 1:22 | Peon |
| 1:34 | Peon |
| 1:46 | Peon |
| 2:02 | Peon |
| 2:16 | War Mill |
| 2:17 | Healing Salve |
| 2:20 | Wind Walk |
| 2:24 | Peon |
| 3:22 | Peon |
| 3:22 | Peon |
| 3:22 | Peon |
| 4:10 | Peon |
| 4:10 | Peon |
| 4:14 | Critical Strike |
| 4:15 | Bash |
| 4:16 | Bash |
| 4:32 | Spiked Barricades |
| 5:10 | Stronghold |
| 6:37 | Boots of Speed |
| 6:38 | Circlet of Nobility |
| 6:41 | Staff of Teleportation |
| 7:28 | Healing Salve |
| 7:34 | Spirit Lodge |
| 7:37 | Fortress |
| 7:43 | Wind Walk |
| 8:56 | Witch Doctor Adept Training |
| 8:56 | Troll Witch Doctor |
| 8:57 | Troll Witch Doctor |
| 10:21 | Witch Doctor Master Training |
| 11:43 | Watch Tower |
| 11:44 | Watch Tower |
| 11:45 | Watch Tower |
| 11:47 | Watch Tower |
| 11:47 | Watch Tower |
| 11:48 | Watch Tower |
| 11:53 | Peon |
| 12:15 | Critical Strike |
| 12:29 | Troll Witch Doctor |
| 12:32 | Troll Witch Doctor |
| 12:32 | Troll Witch Doctor |
| 13:32 | Lesser Clarity Potion |
| 13:35 | Orb of Lightning |
| 14:18 | Orc Burrow |
| 16:37 | Watch Tower |
| 16:38 | Watch Tower |
| 16:45 | Great Hall |
| 17:11 | Tome of Retraining |
| 17:11 | Retrain Hero |
| 17:20 | Brilliance Aura |
| 18:40 | Critical Strike |
| Right click | 845 |
| Select | 163 |
| Build/train/purchase | 73 |
| Resource trade | 71 |
| Select group | 22 |
| Use ability | 13 |
| Misc. action | 7 |
| Item give/drop | 4 |
| Assign group | 2 |
| Remove unit | 1 |
| Esc | 1 |
| Minimap ping | 1 |



| Peasant | 19 | 1425 | / | 0 |
| Flying Machine | 17 | 1700 | / | 510 |
| Mortar Team | 2 | 360 | / | 140 |
| Dragonhawk Rider | 2 | 400 | / | 60 |
| total: | 40 | 3885g | / | 710w |
| Scout Tower | 25 | 750 | / | 500 |
| Arcane Tower | 8 | 560 | / | 400 |
| Guard Tower | 7 | 490 | / | 350 |
| Altar of Kings | 3 | 540 | / | 150 |
| Lumber Mill | 1 | 120 | / | 0 |
| Farm | 15 | 1200 | / | 300 |
| Town Hall | 1 | 385 | / | 205 |
| Blacksmith | 1 | 140 | / | 60 |
| Arcane Vault | 1 | 130 | / | 30 |
| Workshop | 4 | 560 | / | 560 |
| Gryphon Aviary | 1 | 140 | / | 150 |
| Keep | 1 | 320 | / | 210 |
| Castle | 1 | 360 | / | 210 |
| total: | 52 | 3965g | / | 1955w |
| 0:01 | Peasant |
| 0:04 | Altar of Kings |
| 0:05 | Altar of Kings |
| 0:06 | Peasant |
| 0:19 | Lumber Mill |
| 0:20 | Peasant |
| 0:32 | Farm |
| 0:33 | Peasant |
| 0:47 | Peasant |
| 0:53 | Farm |
| 1:01 | Peasant |
| 1:18 | Peasant |
| 1:27 | Scout Tower |
| 1:30 | Improved Lumber Harvesting |
| 1:37 | Peasant |
| 1:50 | Peasant |
| 2:12 | Arcane Tower |
| 2:14 | Storm Bolt |
| 2:17 | Peasant |
| 2:27 | Peasant |
| 2:59 | Peasant |
| 3:13 | Town Hall |
| 3:20 | Scout Tower |
| 3:21 | Scout Tower |
| 3:24 | Peasant |
| 3:24 | Peasant |
| 3:41 | Scout Tower |
| 3:42 | Scout Tower |
| 3:48 | Peasant |
| 3:53 | Scout Tower |
| 3:53 | Scout Tower |
| 4:05 | Guard Tower |
| 4:23 | Blacksmith |
| 4:26 | Scout Tower |
| 4:29 | Scout Tower |
| 4:29 | Scout Tower |
| 4:32 | Peasant |
| 4:33 | Improved Masonry |
| 4:36 | Guard Tower |
| 4:38 | Scout Tower |
| 4:38 | Scout Tower |
| 4:41 | Guard Tower |
| 4:43 | Scout Tower |
| 4:48 | Peasant |
| 4:53 | Peasant |
| 5:03 | Keep |
| 5:15 | Peasant |
| 5:19 | Guard Tower |
| 5:22 | Scout Tower |
| 5:23 | Scout Tower |
| 5:46 | Guard Tower |
| 5:48 | Scout Tower |
| 5:50 | Black Gunpowder |
| 5:56 | Arcane Tower |
| 5:59 | Scout Tower |
| 5:59 | Scout Tower |
| 6:18 | Guard Tower |
| 6:26 | Scout Tower |
| 6:27 | Scout Tower |
| 6:36 | Arcane Tower |
| 6:38 | Scout Tower |
| 6:39 | Scout Tower |
| 6:43 | Scout Tower |
| 6:44 | Scout Tower |
| 6:45 | Scout Tower |
| 6:52 | Iron Plating |
| 6:55 | Arcane Tower |
| 7:11 | Arcane Tower |
| 7:24 | Castle |
| 7:31 | Workshop |
| 7:33 | Workshop |
| 7:43 | Arcane Tower |
| 7:51 | Workshop |
| 7:53 | Workshop |
| 7:57 | Advanced Lumber Harvesting |
| 7:57 | Advanced Masonry |
| 8:35 | Refined Gunpowder |
| 8:42 | Arcane Tower |
| 8:45 | Arcane Tower |
| 8:51 | Farm |
| 8:52 | Farm |
| 9:32 | Flak Cannons |
| 9:32 | Flare |
| 10:01 | Flying Machine Bombs |
| 10:01 | Fragmentation Shards |
| 10:10 | Farm |
| 10:11 | Farm |
| 10:13 | Farm |
| 10:18 | Flying Machine |
| 10:18 | Flying Machine |
| 10:18 | Flying Machine |
| 10:30 | Holy Light |
| 10:43 | Guard Tower |
| 10:46 | Flying Machine |
| 11:00 | Farm |
| 11:01 | Farm |
| 11:11 | Gryphon Aviary |
| 11:13 | Arcane Vault |
| 11:23 | Flying Machine |
| 11:23 | Flying Machine |
| 11:25 | Imbued Gunpowder |
| 11:27 | Farm |
| 11:43 | Mortar Team |
| 12:30 | Flying Machine |
| 12:30 | Flying Machine |
| 12:30 | Flying Machine |
| 12:30 | Flying Machine |
| 12:31 | Flying Machine |
| 12:31 | Flying Machine |
| 12:31 | Flying Machine |
| 13:09 | Flying Machine |
| 13:09 | Flying Machine |
| 13:09 | Flying Machine |
| 13:24 | Altar of Kings |
| 13:25 | Farm |
| 13:25 | Farm |
| 14:03 | Farm |
| 14:05 | Farm |
| 14:06 | Farm |
| 14:12 | Steel Plating |
| 14:37 | Cloud |
| 14:37 | Dragonhawk Rider |
| 14:37 | Dragonhawk Rider |
| 15:04 | Flying Machine |
| 16:17 | Divine Shield |
| 16:22 | Summon Water Elemental |
| 17:17 | Storm Bolt |
| 17:18 | Storm Bolt |
| 18:02 | Mortar Team |
| Right click | 549 |
| Select | 292 |
| Select group | 214 |
| Build/train/purchase | 91 |
| Misc. action | 38 |
| Use ability | 31 |
| Esc | 17 |
| Assign group | 11 |
| Minimap ping | 5 |
| Resource trade | 4 |
| Remove unit | 1 |


| Peasant | 22 | 1650 | / | 0 |
| total: | 22 | 1650g | / | 0w |
| Scout Tower | 36 | 1080 | / | 720 |
| Arcane Tower | 2 | 140 | / | 100 |
| Guard Tower | 13 | 910 | / | 650 |
| Altar of Kings | 1 | 180 | / | 50 |
| Farm | 5 | 400 | / | 100 |
| Lumber Mill | 2 | 240 | / | 0 |
| Town Hall | 1 | 385 | / | 205 |
| Keep | 1 | 320 | / | 210 |
| Castle | 1 | 360 | / | 210 |
| total: | 45 | 2285g | / | 1075w |
| 0:03 | Altar of Kings |
| 0:05 | Peasant |
| 0:06 | Peasant |
| 0:08 | Farm |
| 0:09 | Peasant |
| 0:22 | Peasant |
| 0:37 | Peasant |
| 0:51 | Lumber Mill |
| 0:56 | Peasant |
| 0:56 | Peasant |
| 1:06 | Scout Tower |
| 1:18 | Farm |
| 1:28 | Peasant |
| 1:35 | Arcane Tower |
| 1:38 | Peasant |
| 2:08 | Storm Bolt |
| 2:18 | Improved Lumber Harvesting |
| 2:19 | Improved Masonry |
| 2:20 | Peasant |
| 2:20 | Peasant |
| 2:26 | Farm |
| 2:59 | Scout Tower |
| 2:59 | Scout Tower |
| 3:01 | Scout Tower |
| 3:11 | Peasant |
| 3:11 | Peasant |
| 3:11 | Peasant |
| 3:11 | Peasant |
| 3:25 | Scout Tower |
| 3:28 | Scout Tower |
| 3:29 | Scout Tower |
| 3:37 | Guard Tower |
| 3:56 | Scout Tower |
| 3:56 | Scout Tower |
| 3:57 | Scout Tower |
| 4:01 | Guard Tower |
| 4:18 | Keep |
| 4:23 | Scout Tower |
| 4:23 | Scout Tower |
| 4:24 | Scout Tower |
| 4:40 | Guard Tower |
| 5:02 | Scout Tower |
| 5:03 | Scout Tower |
| 5:03 | Scout Tower |
| 5:08 | Guard Tower |
| 5:09 | Guard Tower |
| 5:30 | Scout Tower |
| 5:31 | Scout Tower |
| 5:32 | Scout Tower |
| 5:49 | Guard Tower |
| 6:20 | Guard Tower |
| 6:25 | Scout Tower |
| 6:25 | Scout Tower |
| 6:27 | Scout Tower |
| 6:28 | Scout Tower |
| 6:28 | Scout Tower |
| 6:40 | Advanced Masonry |
| 6:46 | Scout Tower |
| 6:55 | Guard Tower |
| 7:00 | Scout Tower |
| 7:01 | Scout Tower |
| 7:01 | Scout Tower |
| 7:25 | Castle |
| 7:40 | Town Hall |
| 7:48 | Scout Tower |
| 7:50 | Guard Tower |
| 7:52 | Scout Tower |
| 7:54 | Guard Tower |
| 8:09 | Holy Light |
| 8:38 | Guard Tower |
| 8:41 | Scout Tower |
| 8:43 | Scout Tower |
| 8:44 | Scout Tower |
| 9:18 | Lumber Mill |
| 9:45 | Imbued Masonry |
| 10:37 | Arcane Tower |
| 11:44 | Farm |
| 11:52 | Scout Tower |
| 11:53 | Scout Tower |
| 11:53 | Scout Tower |
| 12:31 | Farm |
| 12:37 | Guard Tower |
| 12:46 | Guard Tower |
| 14:50 | Peasant |
| 15:02 | Peasant |
| 18:20 | Peasant |
| 18:21 | Peasant |
| 18:21 | Peasant |
| 18:21 | Peasant |
| 18:21 | Peasant |
| Right click | 330 |
| Select group | 243 |
| Select | 166 |
| Build/train/purchase | 51 |
| Assign group | 21 |
| Resource trade | 10 |
| Use ability | 4 |
| Misc. action | 1 |
| Remove unit | 1 |
| Esc | 1 |
109 units @ 14.7k
/ 1.7k
70 buildings @ 8.2k
/ 3.7k


| Healing Salve | 3 | 300 |
| Lesser Clarity Potion | 1 | 70 |
| Scroll of Speed | 1 | 50 |
| total: | 5 | 420g |
| Peon | 17 | 1275 | / | 0 |
| Grunt | 4 | 800 | / | 0 |
| Shaman | 1 | 130 | / | 20 |
| Tauren | 1 | 280 | / | 80 |
| Demolisher | 1 | 220 | / | 50 |
| Troll Headhunter | 2 | 280 | / | 40 |
| Mortar Team | 4 | 720 | / | 280 |
| total: | 30 | 3705g | / | 470w |
| Watch Tower | 7 | 770 | / | 560 |
| Altar of Storms | 1 | 180 | / | 50 |
| Orc Burrow | 5 | 800 | / | 200 |
| Barracks | 1 | 180 | / | 50 |
| Voodoo Lounge | 1 | 130 | / | 30 |
| War Mill | 1 | 205 | / | 0 |
| Spirit Lodge | 1 | 150 | / | 150 |
| Tauren Totem | 2 | 270 | / | 310 |
| Beastiary | 1 | 145 | / | 140 |
| Stronghold | 1 | 315 | / | 190 |
| Fortress | 1 | 325 | / | 190 |
| Workshop | 1 | 140 | / | 140 |
| total: | 21 | 2970g | / | 1630w |
| 0:02 | Peon |
| 0:02 | Peon |
| 0:06 | Altar of Storms |
| 0:20 | Orc Burrow |
| 0:30 | Peon |
| 0:35 | Barracks |
| 0:48 | Peon |
| 1:02 | Peon |
| 1:15 | Peon |
| 1:32 | Orc Burrow |
| 1:36 | Grunt |
| 1:49 | Voodoo Lounge |
| 2:04 | Peon |
| 2:11 | Feral Spirit |
| 2:25 | Grunt |
| 2:46 | Stronghold |
| 2:58 | Healing Salve |
| 3:16 | Grunt |
| 3:19 | Chain Lighting |
| 3:42 | Orc Burrow |
| 4:04 | War Mill |
| 5:10 | Berserker Strength |
| 5:14 | Spirit Lodge |
| 5:22 | Feral Spirit |
| 5:33 | Lesser Clarity Potion |
| 5:35 | Healing Salve |
| 5:44 | Fortress |
| 6:09 | Scroll of Speed |
| 6:10 | Healing Salve |
| 6:11 | Healing Wave |
| 6:19 | Grunt |
| 6:31 | Steel Armor |
| 6:35 | Shaman Adept Training |
| 7:19 | Orc Burrow |
| 7:37 | Shaman |
| 7:44 | Tauren Totem |
| 8:06 | Tauren Totem |
| 8:47 | Watch Tower |
| 9:00 | Hex |
| 9:19 | Tauren |
| 10:15 | Chain Lighting |
| 10:37 | Peon |
| 10:55 | Shaman Master Training |
| 11:22 | Demolisher |
| 11:26 | Orc Burrow |
| 11:55 | Peon |
| 11:55 | Peon |
| 12:33 | Watch Tower |
| 13:18 | Beastiary |
| 13:41 | Peon |
| 13:41 | Peon |
| 13:50 | Healing Wave |
| 14:13 | Peon |
| 14:27 | Watch Tower |
| 14:29 | Watch Tower |
| 16:43 | Peon |
| 16:43 | Peon |
| 17:01 | Workshop |
| 17:03 | Mortar Team |
| 17:03 | Mortar Team |
| 17:14 | Troll Headhunter |
| 17:26 | Black Gunpowder |
| 17:36 | Watch Tower |
| 17:46 | Troll Headhunter |
| 17:48 | Berserker Upgrade |
| 17:50 | Mortar Team |
| 18:01 | Watch Tower |
| 18:04 | Watch Tower |
| 18:15 | Steel Ranged Weapons |
| 18:21 | Peon |
| 18:21 | Peon |
| 18:30 | Mortar Team |
| Right click | 1033 |
| Select | 674 |
| Misc. action | 93 |
| Build/train/purchase | 90 |
| Select group | 34 |
| Use ability | 19 |
| Assign group | 13 |
| Minimap ping | 7 |
| Item give/drop | 1 |
| Remove unit | 1 |
| Esc | 1 |


| Healing Salve | 1 | 100 |
| total: | 1 | 100g |
| Peon | 11 | 825 | / | 0 |
| Grunt | 6 | 1200 | / | 0 |
| Troll Headhunter | 6 | 840 | / | 120 |
| Troll Witch Doctor | 6 | 870 | / | 150 |
| Demolisher | 5 | 1100 | / | 250 |
| total: | 34 | 4835g | / | 520w |
| Watch Tower | 1 | 110 | / | 80 |
| Altar of Storms | 1 | 180 | / | 50 |
| Orc Burrow | 6 | 960 | / | 240 |
| Barracks | 1 | 180 | / | 50 |
| War Mill | 1 | 205 | / | 0 |
| Voodoo Lounge | 1 | 130 | / | 30 |
| Spirit Lodge | 1 | 150 | / | 150 |
| Stronghold | 1 | 315 | / | 190 |
| Fortress | 1 | 325 | / | 190 |
| total: | 12 | 1915g | / | 600w |
| 0:04 | Peon |
| 0:10 | Altar of Storms |
| 0:14 | Peon |
| 0:21 | Orc Burrow |
| 0:34 | Peon |
| 0:39 | Barracks |
| 0:46 | Peon |
| 0:56 | Peon |
| 1:36 | Orc Burrow |
| 1:42 | Grunt |
| 2:14 | Grunt |
| 2:21 | War Mill |
| 2:44 | Feral Spirit |
| 2:58 | Grunt |
| 3:05 | Orc Burrow |
| 3:22 | Stronghold |
| 3:44 | Grunt |
| 4:03 | Voodoo Lounge |
| 4:26 | Grunt |
| 4:27 | Troll Headhunter |
| 4:49 | Troll Headhunter |
| 5:14 | Troll Headhunter |
| 5:42 | Grunt |
| 5:49 | Spirit Lodge |
| 5:53 | Fortress |
| 6:04 | Chain Lighting |
| 6:05 | Feral Spirit |
| 6:25 | Healing Salve |
| 6:34 | Troll Headhunter |
| 7:03 | Orc Burrow |
| 7:06 | Witch Doctor Adept Training |
| 7:24 | Troll Regeneration |
| 7:36 | War Stomp |
| 7:59 | Troll Witch Doctor |
| 8:16 | Peon |
| 8:16 | Peon |
| 8:24 | Peon |
| 8:52 | Peon |
| 9:12 | Witch Doctor Master Training |
| 9:48 | Troll Headhunter |
| 10:10 | Troll Witch Doctor |
| 10:18 | Peon |
| 10:24 | Watch Tower |
| 10:31 | Troll Witch Doctor |
| 10:40 | Troll Headhunter |
| 11:04 | Orc Burrow |
| 11:07 | Peon |
| 12:06 | Steel Ranged Weapons |
| 12:35 | Troll Witch Doctor |
| 13:03 | Demolisher |
| 13:19 | Troll Witch Doctor |
| 13:22 | Orc Burrow |
| 14:15 | Demolisher |
| 15:00 | Demolisher |
| 15:54 | Demolisher |
| 16:17 | Troll Witch Doctor |
| 16:39 | Demolisher |
| Right click | 518 |
| Select group | 322 |
| Select | 155 |
| Build/train/purchase | 64 |
| Assign group | 23 |
| Misc. action | 14 |
| Use ability | 13 |
| Esc | 5 |


| Lesser Clarity Potion | 1 | 70 |
| Scroll of Regeneration | 1 | 100 |
| total: | 2 | 170g |
| Peasant | 20 | 1500 | / | 0 |
| Footman | 8 | 1080 | / | 0 |
| Dragonhawk Rider | 10 | 2000 | / | 300 |
| Knight | 4 | 980 | / | 240 |
| Gryphon Rider | 1 | 280 | / | 70 |
| Mortar Team | 2 | 360 | / | 140 |
| total: | 45 | 6200g | / | 750w |
| Scout Tower | 11 | 330 | / | 220 |
| Arcane Tower | 3 | 210 | / | 150 |
| Guard Tower | 7 | 490 | / | 350 |
| Altar of Kings | 1 | 180 | / | 50 |
| Farm | 16 | 1280 | / | 320 |
| Barracks | 2 | 320 | / | 120 |
| Lumber Mill | 1 | 120 | / | 0 |
| Arcane Vault | 1 | 130 | / | 30 |
| Town Hall | 1 | 385 | / | 205 |
| Blacksmith | 1 | 140 | / | 60 |
| Gryphon Aviary | 2 | 280 | / | 300 |
| Workshop | 1 | 140 | / | 140 |
| Keep | 1 | 320 | / | 210 |
| Castle | 1 | 360 | / | 210 |
| total: | 37 | 3305g | / | 1445w |
| 0:04 | Peasant |
| 0:04 | Peasant |
| 0:04 | Peasant |
| 0:21 | Altar of Kings |
| 0:23 | Farm |
| 0:36 | Barracks |
| 0:40 | Peasant |
| 0:52 | Farm |
| 0:59 | Peasant |
| 1:11 | Peasant |
| 1:25 | Scout Tower |
| 1:32 | Peasant |
| 1:38 | Footman |
| 1:38 | Footman |
| 1:48 | Peasant |
| 1:56 | Farm |
| 2:02 | Arcane Tower |
| 2:16 | Footman |
| 2:23 | Storm Bolt |
| 2:33 | Footman |
| 2:40 | Farm |
| 2:54 | Footman |
| 2:57 | Peasant |
| 3:04 | Peasant |
| 3:26 | Footman |
| 3:31 | Lumber Mill |
| 3:43 | Arcane Vault |
| 3:50 | Bash |
| 4:13 | Keep |
| 4:52 | Farm |
| 5:08 | Town Hall |
| 5:09 | Scout Tower |
| 5:13 | Scout Tower |
| 5:24 | Lesser Clarity Potion |
| 5:26 | Scroll of Regeneration |
| 5:29 | Defend |
| 5:41 | Guard Tower |
| 5:45 | Guard Tower |
| 5:49 | Scout Tower |
| 6:02 | Footman |
| 6:07 | Storm Bolt |
| 6:27 | Guard Tower |
| 6:28 | Scout Tower |
| 6:29 | Scout Tower |
| 6:58 | Peasant |
| 7:04 | Arcane Tower |
| 7:19 | Peasant |
| 7:31 | Guard Tower |
| 7:38 | Castle |
| 7:58 | Holy Light |
| 8:04 | Barracks |
| 8:06 | Gryphon Aviary |
| 8:07 | Peasant |
| 8:08 | Peasant |
| 8:26 | Footman |
| 8:28 | Blacksmith |
| 9:13 | Farm |
| 9:32 | Gryphon Aviary |
| 9:36 | Dragonhawk Rider |
| 9:42 | Scout Tower |
| 9:44 | Scout Tower |
| 9:47 | Improved Lumber Harvesting |
| 9:47 | Improved Masonry |
| 9:50 | Scout Tower |
| 9:53 | Scout Tower |
| 9:55 | Scout Tower |
| 9:59 | Farm |
| 9:59 | Farm |
| 10:01 | Knight |
| 10:02 | Knight |
| 10:08 | Cloud |
| 10:08 | Dragonhawk Rider |
| 10:25 | Guard Tower |
| 10:35 | Peasant |
| 10:35 | Peasant |
| 10:35 | Peasant |
| 10:50 | Guard Tower |
| 11:01 | Peasant |
| 11:17 | Arcane Tower |
| 11:32 | Peasant |
| 11:32 | Peasant |
| 11:40 | Guard Tower |
| 11:47 | Dragonhawk Rider |
| 12:10 | Dragonhawk Rider |
| 12:11 | Dragonhawk Rider |
| 12:12 | Gryphon Rider |
| 12:18 | Farm |
| 12:26 | Advanced Lumber Harvesting |
| 12:59 | Dragonhawk Rider |
| 13:05 | Farm |
| 13:07 | Workshop |
| 13:18 | Studded Leather Armor |
| 13:21 | Iron Forged Swords |
| 13:48 | Knight |
| 14:11 | Farm |
| 14:12 | Farm |
| 14:14 | Farm |
| 14:14 | Farm |
| 14:16 | Farm |
| 14:17 | Farm |
| 14:29 | Storm Hammers |
| 14:44 | Fragmentation Shards |
| 15:06 | Mortar Team |
| 15:40 | Knight |
| 15:42 | Dragonhawk Rider |
| 15:42 | Dragonhawk Rider |
| 15:47 | Bash |
| 16:00 | Mortar Team |
| 16:28 | Iron Plating |
| 16:30 | Dragonhawk Rider |
| 16:35 | Dragonhawk Rider |
| Right click | 460 |
| Select group | 348 |
| Select | 282 |
| Misc. action | 127 |
| Build/train/purchase | 91 |
| Assign group | 70 |
| Use ability | 20 |
| Minimap ping | 4 |
| Item give/drop | 1 |
| Remove unit | 1 |
⇛